 Dungeon Crawl Stone Soup version 0.25-a0-603-g0321be95db (webtiles) character file.

Game seed: 9797627713375030061, levelgen mode: deterministic

2204 CryoSword the Ruffian (level 9, -5/84 HPs)
             Began as a Troll Transmuter on Mar 16, 2020.
             Was a Follower of Kikubaaqudgha.
             Killed from afar by Maggie (19 damage)
             ... with a bolt of fire
             ... on level 6 of the Dungeon.
             The game lasted 00:26:13 (6069 turns).

CryoSword the Ruffian (Troll Transmuter)            Turns: 6069, Time: 00:26:13

Health: -5/84      AC:  8    Str: 20    XL:     9   Next: 12%
Magic:  16/28      EV: 11    Int: 12    God:    Kikubaaqudgha [*.....]
Gold:   216        SH:  0    Dex: 10    Spells: 6/11 levels left

rFire    . . .     SeeInvis .     - Unarmed
rCold    . . .     Gourm    +   (no shield)
rNeg     . . .     Faith    .   b - +0 robe
rPois    .         Spirit   .   (helmet restricted)
rElec    .         Reflect  .   c - +1 cloak
rCorr    .         Harm     .   (gloves unavailable)
MR       .....                  (boots unavailable)
Stlth    +.........             u - amulet of rage
HPRegen  0.64/turn              k - ring of magical power
MPRegen  0.21/turn              m - ring of magical power

@: appendage, mesmerised
A: large, unfitting armour, claws 3, horns 2, fast metabolism 3, gourmand,
regeneration 1, shaggy fur 1, tough skin 3
a: End Transformation, Receive Corpses, Renounce Religion, Evoke Berserk Rage


You were on level 6 of the Dungeon.
You worshipped Kikubaaqudgha.
Kikubaaqudgha was aware of your devotion.
You were very full.
You had grown temporary horns.
You visited 2 branches of the dungeon, and saw 7 of its levels.

You collected 216 gold pieces.

Inventory:

Missiles
 a - 90 arrows
 g - 21 poisoned darts (quivered)
 p - 8 boomerangs
Armour
 b - a +0 robe (worn)
 c - a +1 cloak (worn)
   (You found it on level 1 of the Dungeon)
Jewellery
 k - a ring of magical power (left claw)
   (You found it on level 2 of the Dungeon)
 m - a ring of magical power (right claw)
   (You found it on level 2 of the Dungeon)
 u - an amulet of rage (around neck)
   (You found it on level 4 of the Dungeon)
Wands
 v - a wand of enslavement (8)
   (You found it on level 3 of the Dungeon)
 z - a wand of digging (6)
   (You found it on level 6 of the Dungeon)
 B - a wand of iceblast (7)
   (You found it on level 5 of the Dungeon)
 F - a wand of random effects (16)
   (You found it on level 6 of the Dungeon)
Scrolls
 e - 3 scrolls of teleportation {unknown}
 f - 2 scrolls of fog
 h - 2 scrolls of amnesia
 i - 2 scrolls of identify {@r1}
 j - 3 scrolls of enchant armour
 l - a scroll of blinking
 n - a scroll of magic mapping {unknown}
 s - 2 scrolls of remove curse {unknown}
 t - a scroll of immolation {unknown}
 x - a scroll of enchant weapon {unknown}
 y - a scroll of fear {unknown}
Potions
 o - a potion of curing {@q1}
 q - a potion of stabbing
 r - 2 potions of cancellation
 w - a potion of berserk rage {unknown}
 A - a potion of brilliance {unknown}
 C - a potion of might {unknown}
 E - a potion of heal wounds {unknown}
Comestibles
 d - 10 rations {!d}
 D - 3 chunks of flesh


   Skills:
 - Level 4.0 Fighting
 - Level 4.4 Dodging
 - Level 6.0 Unarmed Combat
 + Level 1.6 Spellcasting
 * Level 3.1 Necromancy
 - Level 5.5 Transmutations


You had 6 spell levels left.
You knew the following spells:

 Your Spells              Type           Power        Failure   Level  Hunger
a - Beastly Appendage     Tmut           ##....       3%          1    ##.....
b - Sticks to Snakes      Tmut           ##......     4%          2    ###....
c - Corpse Rot            Necr/Air       N/A          22%         2    ###....

Your spell library contained the following spells:

 Spells                   Type           Power        Failure   Level  Hunger
 Pain                     Necr           #...         8%          1    ##.....
 Sublimation of Blood     Necr           #.........   12%         2    ###....
 Vampiric Draining        Necr           #.........   24%         3    ####...
 Spider Form              Tmut/Pois      #.........   26%         3    ####...
 Summon Small Mammal      Summ           #...         28%         1    ##.....
 Call Imp                 Summ           #.......     41%         2    ###....
 Blade Hands              Tmut           ##........   63%         5    ######.
 Call Canine Familiar     Summ           #.......     65%         3    ####...
 Summon Guardian Golem    Hex/Summ       #.......     65%         3    ####...
 Ice Form                 Ice/Tmut       #.......     65%         4    #####..
 Summon Ice Beast         Ice/Summ       #.......     96%         4    #####..
 Summon Lightning Spire   Summ/Air       #.......     96%         4    #####..


Dungeon Overview and Level Annotations

Branches:
Dungeon (6/15)             Temple (1/1) D:4

Altars:
Ashenzari
Cheibriados
Dithmenos
Elyvilon
Fedhas
Gozag
Hepliaklqana
Kikubaaqudgha
Makhleb
Nemelex Xobeh
Okawaru
Qazlal
Ru
Sif Muna
Trog
Uskayaw
Vehumet
Wu Jian
Xom
Yredelemnul
Zin
The Shining One

Annotations:
D:6 1 runed translucent door, Crazy Yiuf, Maggie


Innate Abilities, Weirdness & Mutations

You are too large for most types of armour.
You have claws for hands.
Your metabolism is lightning-fast.
You like to eat raw meat.
Your natural rate of healing is unusually fast.
You are covered in fur. (AC +1)
You have extremely tough skin. (AC +3)
You have a pair of horns on your head.


Message History

Casting: Beastly Appendage (safe; 3% risk of failure)
Confirm with . or Enter, or press ? or * to list all spells.
You create a snake!
You now have 97 arrows.
Casting: Sticks to Snakes (safe; 4% risk of failure)
Confirm with . or Enter, or press ? or * to list all spells.
You create a snake!
You now have 96 arrows.
Casting: Sticks to Snakes (safe; 4% risk of failure)
Confirm with . or Enter, or press ? or * to list all spells.
You create a snake!
You now have 95 arrows.
Casting: Sticks to Snakes (safe; 4% risk of failure)
Confirm with . or Enter, or press ? or * to list all spells.
You grow a pair of large bovine horns.
Maggie barely misses your ball python. Maggie gestures at you while chanting.
The bolt of fire hits your ball python!!
Your ball python dies!
The bolt of fire hits you!
Maggie hits your ball python with a +1 war axe of flaming!
Maggie burns your ball python.
Your ball python dies!
Maggie gestures wildly while chanting.
Maggie attempts to bespell you!
You are mesmerised by Maggie!
Your ball python closely misses Maggie.
Your ball python grabs Maggie.
Your ball python constricts Maggie.
Casting: Beastly Appendage (safe; 3% risk of failure)
Confirm with . or Enter, or press ? or * to list all spells.
You create a snake!
You now have 94 arrows.
Your ball python bites Maggie but does no damage.
Your ball python constricts Maggie.
Maggie hits your ball python with a +1 war axe of flaming.
Maggie burns your ball python.
Your ball python dies!
Casting: Sticks to Snakes (safe; 4% risk of failure)
Confirm with . or Enter, or press ? or * to list all spells.
You create a snake!
You now have 93 arrows.
Your ball python closely misses Maggie.
Your ball python grabs Maggie.
Your ball python constricts Maggie.
Your ball python bites Maggie but does no damage.
Maggie barely misses your ball python.
Maggie hits your ball python with a +1 war axe of flaming!
Maggie burns your ball python.
Your ball python dies!
Your ball python bites Maggie but does no damage.
Your ball python barely misses Maggie.
Your ball python closely misses Maggie.
Your ball python barely misses Maggie.
Maggie hits you with a +1 war axe of flaming.
Maggie burns you.
Maggie hits your ball python with a +1 war axe of flaming!
Maggie burns your ball python.
Your ball python dies!
You scratch Maggie.
Maggie is lightly wounded.
Maggie hits you with a +1 war axe of flaming!
Maggie burns you.
Casting: Sticks to Snakes (safe; 4% risk of failure)
Confirm with . or Enter, or press ? or * to list all spells.
You create a snake!
You now have 92 arrows.
Your transformation is almost over.
Maggie hits you but does no damage.
You scratch Maggie. Your headbutt misses Maggie.
Maggie is lightly wounded.
Okay, then.
You scratch Maggie. You headbutt Maggie, but do no damage.
Maggie is lightly wounded.
Maggie hits you but does no damage.
You scratch Maggie.
Maggie is moderately wounded.
Maggie hits you with a +1 war axe of flaming.
Maggie burns you.
Maggie hits your ball python with a +1 war axe of flaming!
Maggie burns your ball python.
Your ball python dies!
Casting: Sticks to Snakes (safe; 4% risk of failure)
Confirm with . or Enter, or press ? or * to list all spells.
You extend your transformation's duration.
Maggie hits you with a +1 war axe of flaming!
* * * LOW HITPOINT WARNING * * *
Maggie burns you.
* * * LOW HITPOINT WARNING * * *
Casting: Beastly Appendage (safe; 3% risk of failure)
Confirm with . or Enter, or press ? or * to list all spells.
You create a snake!
You now have 91 arrows.
You break out of your daze.
You closely miss Maggie.
Maggie is moderately wounded.
Maggie hits you with a +1 war axe of flaming!
* * * LOW HITPOINT WARNING * * *
Maggie burns you.
* * * LOW HITPOINT WARNING * * *
You completely miss Maggie. Your headbutt misses Maggie.
Maggie is moderately wounded.
Maggie hits you with a +1 war axe of flaming.
* * * LOW HITPOINT WARNING * * *
Maggie burns you.
* * * LOW HITPOINT WARNING * * *
Maggie closely misses your adder.
You completely miss Maggie.
Maggie is moderately wounded.
Your adder bites Maggie but does no damage.
Maggie hits you with a +1 war axe of flaming.
* * * LOW HITPOINT WARNING * * *
Maggie burns you.
* * * LOW HITPOINT WARNING * * *
Maggie barely misses your adder.
You barely miss Maggie. You headbutt Maggie, but do no damage.
Maggie is moderately wounded.
Your adder barely misses Maggie.
You barely miss Maggie. You headbutt Maggie, but do no damage.
Maggie is moderately wounded.
Your adder bites Maggie.
Maggie casts a spell.
Maggie attempts to bespell you!
You are mesmerised by Maggie!
You closely miss Maggie.
Maggie is moderately wounded.
Your adder completely misses Maggie.
Maggie hits you with a +1 war axe of flaming.
* * * LOW HITPOINT WARNING * * *
Maggie burns you.
* * * LOW HITPOINT WARNING * * *
Maggie hits your adder with a +1 war axe of flaming.
Maggie burns your adder.
Your adder barely misses Maggie.
Press: ? - help, v - describe, . - travel The floor, spattered with blood.
Unknown command.
Unknown command.
Okay, then.
You barely miss Maggie.
Maggie is moderately wounded.
Maggie barely misses you. Maggie misses your adder.
Your adder bites Maggie.
You barely miss Maggie.
Maggie is moderately wounded.
Your adder barely misses Maggie.
Maggie hits you with a +1 war axe of flaming!
* * * LOW HITPOINT WARNING * * *
Maggie burns you.
* * * LOW HITPOINT WARNING * * *
Maggie hits your adder with a +1 war axe of flaming!
Maggie burns your adder.
Your adder dies!
Casting: Sticks to Snakes (safe; 4% risk of failure)
Confirm with . or Enter, or press ? or * to list all spells.
You create a snake!
You now have 90 arrows.
You completely miss Maggie. You headbutt Maggie, but do no damage.
Maggie is moderately wounded.
Maggie points at you and mumbles some strange words.
The bolt of fire hits you!!
You die...
Kikubaaqudgha rasps: "You have failed me!
Welcome... death!"

..............#...##......#.....#
..............#...##......#......
..............#...........#......
....?.........#...........#......
.........@....#...##......#......
..............#...##......#......
..............#...##......##'####
..............#S..##......##....'
..............#.@..#.........รท..#
..............#@####............#
#########..........#......##..).#
#..........#####'###....#
#..................#.....
#.......[..........#.....
#..................#.....
#..................#....#
#...............)..#....#


You could see Maggie and a friendly ball python.

Vanquished Creatures
  Pikel (D:5)
  Grinder (D:5)
  Eustachio (D:5)
  Menkaure (D:4)
  Duvessa (D:6)
  2 slaves (D:5)
  2 orc warriors (D:6)
  A sky beast (D:6)
  2 ogres
  2 bullfrogs (D:6)
  Dowan (D:6)
  2 crimson imps
  A hound (D:5)
  A jelly (D:4)
  A bullfrog zombie (D:5)
  3 orc priests
  5 orc wizards
  2 worker ants
  A hound skeleton (D:5)
  7 adders
  An ooze (D:3)
  An adder skeleton (D:4)
  2 worms
  3 leopard geckos
  24 orcs
  4 giant cockroaches
  7 goblins
  6 hobgoblins
  2 quokkas (D:4)
  11 bats
  4 frilled lizards
  5 kobolds
  A quokka zombie (D:6)
  10 rats
119 creatures vanquished.

Vanquished Creatures (collateral kills)
  A jelly (D:6)
  An orc priest (D:6)
  An orc wizard (D:6)
  3 orcs
6 creatures vanquished.

Grand Total: 125 creatures vanquished

Notes
Turn   | Place    | Note
-------+----------+-------------------------------------------
     0 | D:1      | CryoSword the Troll Transmuter began the quest for the Orb.
     0 | D:1      | Reached XP level 1. HP: 18/18 MP: 1/1
   431 | D:1      | Reached XP level 2. HP: 26/26 MP: 0/2
   454 | D:1      | Learned a level 2 spell: Sticks to Snakes
   485 | D:1      | Reached skill level 1 in Fighting
  1350 | D:2      | Reached XP level 3. HP: 31/33 MP: 1/3
  2013 | D:3      | Reached XP level 4. HP: 26/41 MP: 4/4
  2550 | D:3      | Reached skill level 4 in Unarmed Combat
  2598 | D:3      | Reached XP level 5. HP: 44/49 MP: 5/5
  2838 | D:4      | Noticed Menkaure
  2845 | D:4      | Killed Menkaure
  2845 | D:4      | Reached XP level 6. HP: 26/57 MP: 6/6
  3163 | D:4      | Found a white marble altar of Elyvilon.
  3520 | D:4      | Found a staircase to the Ecumenical Temple.
  3643 | Temple   | Entered the Ecumenical Temple
  3737 | Temple   | Became a worshipper of Kikubaaqudgha
  3845 | D:5      | Entered Level 5 of the Dungeon
  3901 | D:5      | Reached XP level 7. HP: 66/66 MP: 7/7
  4048 | D:5      | Noticed Eustachio
  4065 | D:5      | Killed Eustachio
  4071 | D:5      | Got a warped lead ring
  4082 | D:5      | Identified the ring "Runy" {*Tele rF+++ Int+6 Dex-5} (You
                  | found it on level 5 of the Dungeon)
  4147 | D:5      | Noticed Grinder
  4174 | D:5      | Killed Grinder
  4174 | D:5      | Reached skill level 5 in Unarmed Combat
  4245 | D:5      | Noticed Pikel
  4259 | D:5      | Killed Pikel
  4259 | D:5      | Reached skill level 5 in Transmutations
  4259 | D:5      | Reached XP level 8. HP: 75/75 MP: 8/8
  4671 | D:6      | Noticed Dowan
  4672 | D:6      | Noticed Duvessa
  4685 | D:6      | Killed Dowan
  4692 | D:6      | Killed Duvessa
  4791 | D:6      | Reached skill level 6 in Unarmed Combat
  4975 | D:6      | Found a runed translucent door.
  4976 | D:6      | Noticed Crazy Yiuf
  5096 | D:6      | Reached * piety under Kikubaaqudgha
  5096 | D:6      | Identified Kikubaaqudgha's Grimoire of Stolen Souls
                  | (Kikubaaqudgha gifted it to you on level 6 of the Dungeon)
  5096 | D:6      | Received a gift from Kikubaaqudgha
  5104 | D:6      | Learned a level 2 spell: Corpse Rot
  5219 | D:6      | Reached skill level 1 in Necromancy
  5663 | D:6      | Reached XP level 9. HP: 76/84 MP: 9/9
  6036 | D:6      | Noticed Maggie
  6069 | D:6      | Killed from afar by Maggie

Levels and vault maps discovered:
D:1:      dpeg_arrival_rooms_c, layout_loops_corners
D:2:      layout_basic, bh_walls_and_bars
D:3:      layout_basic, minmay_misc_feat_doors
D:4:      layout_loops_ring, elyvilon_altar_1, lemuel_temple_firewalk_b,
          uniq_menkaure
D:5:      layout_basic, first_ration, uniq_eustachio, uniq_pikel, uniq_grinder
D:6:      layout_gridville, uniq_crazy_yiuf_cottage, uniq_duvessa, uniq_maggie
Temple:   kilobyte_greek_temple

Skill      XL: |  1  2  3  4  5  6  7  8  9 |
---------------+----------------------------+-----
Fighting       | 1 2 3 4 |  4.0
Transmutations | 2 3 5 |  5.5
Dodging        | 2 3 4 |  4.4
Unarmed Combat | 4 5 6 |  6.0
Necromancy     | 2 3 |  3.1
Spellcasting   | |  1.6

Action                   |  1- 3 |  4- 6 |  7- 9 || total
-------------------------+-------+-------+-------++-------
Melee: Unarmed           |   107 |    98 |   157 ||   362
       Headbutt          |     3 |     4 |    17 ||    24
       Kick              |     2 |     9 |    12 ||    23
       Punch             |     1 |     1 |     2 ||     4
Throw: Dart              |       |     9 |    26 ||    35
 Cast: Beastly Appendage |    17 |    17 |    22 ||    56
       Sticks to Snakes  |       |     3 |    57 ||    60
       Corpse Rot        |       |       |     4 ||     4
 Abil: Evoke Berserk Rag |       |       |     3 ||     3
  Use: Scroll            |       |     6 |     5 ||    11
 Stab: Sleeping          |     1 |     1 |       ||     2
       Distracted        |       |       |     1 ||     1
  Eat: Chunk             |    25 |    13 |    33 ||    71
Armor: Robe              |    85 |    35 |    40 ||   160
Dodge: Dodged            |    97 |    44 |    66 ||   207

Table legend:
 A = Non-vault XP
 B = Vault XP
 C = Vault XP percentage of total XP
 D = Non-vault monster count
 E = Vault monster count
 F = Vault count percentage of total count
                 A         B        C        D         E       F
            +---------+---------+-------+---------+---------+-------
      Total |    1743 |    1406 |  44.6 |     117 |       6 |   4.9
            +---------+---------+-------+---------+---------+-------
        D:1 |      29 |       0 |   0.0 |      19 |       0 |   0.0
        D:2 |      46 |       0 |   0.0 |      14 |       0 |   0.0
        D:3 |     201 |       0 |   0.0 |      32 |       0 |   0.0
        D:4 |     230 |     175 |  43.2 |      10 |       1 |   9.1
        D:5 |     233 |    1013 |  81.3 |      13 |       3 |  18.8
        D:6 |    1004 |     218 |  17.8 |      29 |       2 |   6.5
            +---------+---------+-------+---------+---------+-------
